 Dungeon Crawl Stone Soup version 0.22-b1-21-g5cfc168 (webtiles) character file.

889 wojtek the Cleaver (level 7, 0/60 HPs)
             Began as a Minotaur Fighter on Aug 3, 2018.
             Slain by an orc
             ... wielding a +0 mace
              (5 damage)
             ... while paralysed by Grinder
             ... on level 5 of the Dungeon.
             The game lasted 00:04:12 (3110 turns).

wojtek the Cleaver (Minotaur Fighter)               Turns: 3110, Time: 00:04:12

Health: 0/60       AC:  8    Str: 23    XL:     7   Next: 77%
Magic:  6/6        EV:  2    Int:  5    God:
Gold:   153        SH:  0    Dex:  9    Spells: 6/6 levels left

rFire    . . .     SeeInvis .   a - +0 war axe
rCold    . . .     Gourm    .   c - +0 shield
rNeg     . . .     Faith    .   e - +0 scale mail
rPois    .         Spirit   .   (helmet restricted)
rElec    .         Reflect  .   (no cloak)
rCorr    .         Harm     .   p - +0 pair of gloves
MR       .....                  (no boots)
Stlth    ..........             (no amulet)
HPRegen  0.20/turn              (no ring)
MPRegen  0.10/turn              (no ring)

@: paralysed
A: retaliatory headbutt, horns 2
a: no special abilities


You were on level 5 of the Dungeon.
You were not hungry.

You visited 1 branch of the dungeon, and saw 5 of its levels.

You collected 153 gold pieces.

Inventory:

Hand Weapons
 a - a +0 war axe (weapon)
 b - a +3 hand axe
Armour
 c - a +0 shield (worn)
 e - a +0 scale mail (worn)
 p - a +0 pair of gloves (worn)
Wands
 q - a wand of polymorph (11)
Scrolls
 i - 3 scrolls of remove curse {unknown}
 j - 2 scrolls of teleportation {unknown}
 m - a scroll of blinking {unknown}
 n - a scroll of enchant armour {unknown}
 o - 2 scrolls of identify {unknown}
 t - a scroll of amnesia {unknown}
 v - a scroll of magic mapping {unknown}
Potions
 d - 3 potions of might
 g - a potion of agility {unknown}
 h - a potion of heal wounds {unknown}
 k - a potion of ambrosia {unknown}
 l - a potion of haste {unknown}
 r - a potion of curing {unknown}
 s - a potion of brilliance {unknown}
 u - a potion of cancellation {unknown}
Comestibles
 f - 8 rations
 w - 2 chunks of flesh


   Skills:
 + Level 4.7 Fighting
 * Level 9.1 Axes
 + Level 4.7 Armour
 + Level 2.3 Dodging
 + Level 4.6 Shields


You had 6 spell levels left.
You didn't know any spells.
Your spell library was empty.

Dungeon Overview and Level Annotations

Branches:
Dungeon (5/15)
 Temple: D:4-7

Altars:
Ashenzari
Cheibriados
Trog
Vehumet

Annotations:
D:5 Grinder


Innate Abilities, Weirdness & Mutations

You reflexively headbutt those who attack you in melee.
You have a pair of horns on your head.


Message History

You slash Grinder! Grinder hits you.
You writhe in agony.
The orc wizard casts a spell at you. The magic dart hits you!
You hit Grinder.
Grinder is moderately wounded.
Your shield prevents you from hitting the orc.
Grinder gestures at you.
You suddenly lose the ability to move!
The orc hits you but does no damage. Grinder hits you.
You writhe in agony.
* * * LOW HITPOINT WARNING * * *
The orc wizard mumbles some strange words.
The orc wizard seems to speed up.
The orc hits you with a mace.
* * * LOW HITPOINT WARNING * * *
Grinder gestures at you. Pain shoots through your body!
* * * LOW HITPOINT WARNING * * *
The orc wizard hits you but does no damage.
Grinder barely misses you. The orc hits you with a mace.
You die...

................#
........>.......#
..<.............#
...........(....#
................########
#############(..........
#...........
#..o.)......
+..5@o......
#...))......
#...........
#...........
#.....[.....
+...........
#...........
#...........


You could see Grinder, an orc wizard and an orc.

Vanquished Creatures
  Sigmund (D:4)
  A sky beast (D:3)
  2 ogres (D:4)
  2 centaurs
  A scorpion (D:4)
  2 orc priests
  Ijyb (D:4)
  A worker ant (D:4)
  A hound skeleton (D:5)
  A worker ant zombie (D:5)
  5 adders
  An ooze (D:1)
  2 worms
  5 dart slugs
  2 leopard geckos (D:1)
  8 orcs
  2 ball pythons
  3 giant cockroaches
  4 goblins
  8 hobgoblins
  2 ball python skeletons (D:2)
  A ball python zombie (D:2)
  4 bats
  3 frilled lizards (D:1)
  16 kobolds
  A leopard gecko zombie (D:3)
  11 rats
91 creatures vanquished.

Notes
Turn   | Place    | Note
-------+----------+-------------------------------------------
     0 | D:1      | wojtek the Minotaur Fighter began the quest for the Orb.
     0 | D:1      | Reached XP level 1. HP: 19/19 MP: 0/0
    60 | D:1      | Reached skill level 3 in Axes
   268 | D:1      | Reached XP level 2. HP: 26/26 MP: 1/1
   370 | D:1      | Reached skill level 4 in Axes
   384 | D:1      | Reached XP level 3. HP: 29/31 MP: 2/2
   916 | D:2      | Reached skill level 5 in Axes
  1027 | D:2      | Reached XP level 4. HP: 36/39 MP: 3/3
  1050 | D:2      | Found a bloodstained altar of Trog.
  1473 | D:3      | Found a radiant altar of Vehumet.
  1532 | D:3      | Reached skill level 6 in Axes
  1630 | D:3      | Noticed a sky beast
  1635 | D:3      | Killed a sky beast
  1635 | D:3      | Reached skill level 7 in Axes
  1635 | D:3      | Reached XP level 5. HP: 34/45 MP: 4/4
  2114 | D:3      | Found a snail-covered altar of Cheibriados.
  2114 | D:3      | Found a shattered altar of Ashenzari.
  2255 | D:4      | Found a shattered altar of Ashenzari.
  2263 | D:4      | Noticed an ogre
  2273 | D:4      | Killed an ogre
  2273 | D:4      | Reached skill level 8 in Axes
  2273 | D:4      | Reached XP level 6. HP: 16/51 MP: 5/5
  2452 | D:4      | Noticed Sigmund
  2458 | D:4      | Killed Sigmund
  2458 | D:4      | Reached skill level 1 in Dodging
  2511 | D:4      | Reached XP level 7. HP: 52/59 MP: 6/6
  2921 | D:4      | Noticed Ijyb
  2931 | D:4      | Killed Ijyb
  3070 | D:5      | Entered Level 5 of the Dungeon
  3097 | D:5      | Noticed Grinder
  3099 | D:5      | Reached skill level 9 in Axes
  3107 | D:5      | Paralysed by Grinder for 5 turns
  3110 | D:5      | Slain by an orc

Skill      XL: |  1  2  3  4  5  6  7 |
---------------+----------------------+-----
Axes           | 3 4 5 7 8 9 |  9.1
Fighting       | 4 |  4.7
Dodging        | 1 2 |  2.3
Armour         | 4 |  4.7
Shields        | 4 |  4.6

Action                   |  1- 3 |  4- 6 |  7- 9 || total
-------------------------+-------+-------+-------++-------
Melee: War axe           |   103 |    73 |    43 ||   219
       Headbutt          |    13 |     8 |    10 ||    31
  Eat: Chunk             |     1 |     4 |     2 ||     7
Armor: Scale mail        |    31 |    24 |    16 ||    71
Dodge: Dodged            |    34 |    13 |    12 ||    59
Block: Shield            |    50 |    25 |    18 ||    93
